 Dungeon Crawl Stone Soup version 0.26.1-11-gd32895ea62 (webtiles) character file.

Game seed: 3203511547520703992

369 Zeld the Cleaver (level 6, -5/51 HPs)
             Began as a Minotaur Berserker on May 23, 2021.
             Was a Priest of Trog.
             Slain by a mummy (18 damage)
             ... in an ossuary.
             The game lasted 00:03:16 (4567 turns).

Zeld the Cleaver (Minotaur Berserker)               Turns: 4567, Time: 00:03:17

Health: -5/51      AC:  1    Str: 24    XL:     6   Next: 41%
Magic:  5/5        EV:  7    Int:  4    God:    Trog [***...]
Gold:   170        SH: 12    Dex:  9    Spells: 5/5 levels left

rFire    . . .     SeeInvis .   a - +0 hand axe
rCold    . . .     Faith    .   o - +0 tower shield
rNeg     . . .     Spirit   .   (no armour)
rPois    .         Reflect  .   (helmet restricted)
rElec    .         Harm     .   (no cloak)
rCorr    .         Rampage  .   (no gloves)
Will     .....                  l - +0 pair of boots
Stlth    +.........             (no amulet)
HPRegen  0.17/turn              (no ring)
MPRegen  0.09/turn              (no ring)

@: no status effects
A: retaliatory headbutt, horns 2
a: Renounce Religion, Berserk, Trog's Hand


You were in an ossuary.
You worshipped Trog.
Trog was most pleased with you.
You visited 1 branch of the dungeon, and saw 4 of its levels.
You also visited: Ossuary.

You collected 170 gold pieces.

Inventory:

Hand Weapons
 a - a +0 hand axe (weapon)
Armour
 l - a +0 pair of boots (worn)
 o - a +0 tower shield (worn)
Jewellery
 d - a cursed amulet of inaccuracy {unknown}
 p - an uncursed amulet of guardian spirit {unknown}
Scrolls
 c - 2 scrolls of blinking {unknown}
 e - a scroll of magic mapping {unknown}
 g - 4 scrolls of identify {unknown}
 i - a scroll of fog {unknown}
 k - a scroll of noise {unknown}
 m - a scroll of teleportation {unknown}
 q - 3 scrolls of fear {unknown}
 r - a scroll of immolation {unknown}
 t - 3 scrolls of random uselessness {unknown}
Potions
 b - a potion of might {unknown}
 f - a potion of haste {unknown}
 h - 8 potions of curing {unknown}
 j - a potion of berserk rage {unknown}
 n - a potion of invisibility {unknown}
 s - a potion of degeneration {unknown}


   Skills:
 - Level 3.6 Fighting
 * Level 8.8 Axes
 - Level 2.4 Armour
 - Level 2.1 Dodging


You had 5 spell levels left.
You didn't know any spells.
Your spell library was empty.

Dungeon Overview and Level Annotations

Branches:
Dungeon (4/15)            Ossuary (1/1)
 Temple: D:4-7

Altars:
Makhleb


Innate Abilities, Weirdness & Mutations

You reflexively headbutt those who attack you in melee.
You have a pair of horns on your head.


Message History

There is an open door here.
There are monsters nearby!
You hit the mummy.
You headbutt the mummy, but do no damage.
The mummy is lightly damaged.
The mummy hits you.
You barely miss the mummy. Your headbutt misses the mummy.
The mummy is lightly damaged.
You hit the mummy but do no damage. You headbutt the mummy!
The mummy is heavily damaged.
The mummy hits you!
You slash the mummy!
The mummy is almost destroyed.
A mummy comes into view.
You barely miss the mummy.
The mummy is almost destroyed.
You barely miss the mummy. The mummy hits you!
* * * LOW HITPOINT WARNING * * *
The mummy hits you!!
You die...

##### #...# #
#...# #. ##.##
###'### #.###
##.....## ##.'.#
##M......###..###
#.......M.#...'.#
+....⌠..M@'...###
#....^....#...+
##.......###..#
##.....## ##.+
###'### #.# #.#
#^# ##.## !.
#^∩.# ! #.∩.#


You could see 3 mummies.

Vanquished Creatures
  An ogre (D:4)
  A hound (D:3)
  2 worker ants (D:4)
  A big kobold zombie (Ossuary)
  A mummy (Ossuary)
  Robin (D:2)
  3 gnolls (D:3)
  4 adders
  An ooze (D:2)
  3 worms (D:2)
  4 dart slugs
  4 leopard geckos
  3 orcs (D:3)
  A ball python (D:1)
  2 giant cockroaches
  16 goblins
  13 hobgoblins
  4 jackals (D:3)
  7 bats
  3 frilled lizards
  A gnoll zombie (Ossuary)
  3 kobolds
  10 rats
89 creatures vanquished.

Vanquished Creatures (others)
  2 plants (D:1)
2 creatures vanquished.

Grand Total: 91 creatures vanquished

Notes
Turn   | Place    | Note
-------+----------+-------------------------------------------
     0 | D:1      | Zeld the Minotaur Berserker began the quest for the Orb.
     0 | D:1      | Reached XP level 1. HP: 19/19 MP: 0/0
    31 | D:1      | Reached skill level 4 in Axes
   403 | D:1      | Reached XP level 2. HP: 12/26 MP: 1/1
  1325 | D:1      | Reached skill level 5 in Axes
  1474 | D:2      | Noticed Robin
  1478 | D:2      | Killed Robin
  1479 | D:2      | Reached XP level 3. HP: 19/31 MP: 2/2
  1486 | D:2      | HP: 2/46 [goblin/stone[Robin] (6)]
  2078 | D:2      | Reached ** piety under Trog
  2263 | D:2      | Reached skill level 6 in Axes
  2263 | D:2      | Reached XP level 4. HP: 39/39 MP: 3/3
  3301 | D:3      | Reached XP level 5. HP: 16/45 MP: 4/4
  3302 | D:3      | Reached skill level 7 in Axes
  3865 | D:3      | Found a burning altar of Makhleb.
  4036 | D:3      | Reached *** piety under Trog
  4286 | D:4      | Reached skill level 8 in Axes
  4386 | D:4      | Noticed an ogre
  4395 | D:4      | Killed an ogre
  4396 | D:4      | Reached XP level 6. HP: 51/51 MP: 5/5
  4398 | D:4      | Found a sand-covered staircase.
  4406 | Ossuary  | Entered an ossuary
  4567 | Ossuary  | Slain by a mummy

Illustrated notes

Levels and vault maps discovered:
D:1:      lightli_arrival_statuegarden, layout_rooms, st_stairs_3,
          chequers_serial_rivers_room_a
D:2:      layout_loops_ring, uniq_robin
D:3:      layout_rooms, makhleb_blood_cavern_becter
D:4:      layout_loops_ring, portal_sewer_entry_b, chequers_ossuary_entry_cave,
          grunt_decor_arrowhead, uniq_menkaure
Ossuary:  ossuary_crypta

Skill      XL: |  1  2  3  4  5 |
---------------+----------------+-----
Axes           | 4 5 6 8 |  8.8
Fighting       | |  3.6
Armour         | |  2.4
Dodging        | |  2.1

Action                   |  1- 3 |  4- 6 || total
-------------------------+-------+-------++-------
Melee: Hand axe          |    77 |   134 ||   211
       Headbutt          |    11 |    17 ||    28
Invok: Berserk           |     3 |     1 ||     4
Armor: Skin              |       |     4 ||     4
Dodge: Dodged            |    30 |    32 ||    62
Block: Tower shield      |       |    47 ||    47
